 Dungeon Crawl Stone Soup version 0.30-a0-777-ga9a30cbeda (webtiles) character file.

Game seed: 16606665651697164577

268 themarg the Stinger (level 6, -6/41 HPs)
             Began as an Octopode Venom Mage on Feb 15, 2023.
             Killed from afar by Grinder (9 damage)
             ... with a puff of flame
             ... while paralysed by Grinder
             ... in a sewer.
             The game lasted 00:13:37 (4020 turns).

themarg the Stinger (Octopode Venom Mage)           Turns: 4020, Time: 00:13:37

Health: -6/41      AC:  1    Str:  7    XL:     6   Next: 21%
Magic:  9/9        EV:  2    Int: 20    God:
Gold:   113        SH:  0    Dex: 12    Spells: 6/9 levels left

rFire   . . .      SeeInvis +    q - +2 dagger (venom)
rCold   . . .      Faith    .    (no shield)
rNeg    . . .      Spirit   .    (helmet restricted)
rPois   .          Reflect  .    (no amulet)
rElec   .          Harm     .    l - ring of see invisible
rCorr   .          Rampage  .    (no ring)
Will    .....                    (no ring)
Stlth   ++++                     (no ring)
HPRegen 0.26/turn                (no ring)
MPRegen 0.11/turn                (no ring)
                                 (no ring)
                                 (no ring)

@: paralysed
A: almost no armour, amphibious, 8 rings, camouflage 1, gelatinous body 1,
nimble swimmer 1, tentacles
a: no special abilities


You were in a sewer.
You visited 1 branch of the dungeon, and saw 3 of its levels.
You also visited: Sewer.

You collected 113 gold pieces.

Inventory:

Hand Weapons
 q - a +2 dagger of venom (weapon)
Missiles
 c - 43 stones
 i - 2 datura-tipped darts
 r - 3 boomerangs of dispersal
Jewellery
 l - a ring of see invisible (left tentacle)
Scrolls
 d - a scroll of magic mapping {unknown}
 e - a scroll of identify
 h - 2 scrolls of torment
 k - 2 scrolls of brand weapon
 o - a scroll of teleportation {unknown}
 p - a scroll of amnesia {unknown}
Potions
 a - a potion of magic
 b - 2 potions of cancellation {unknown}
 f - a potion of attraction {unknown}
 g - a potion of resistance {unknown}
 j - 4 potions of might {unknown}
 m - a potion of flight {unknown}
 n - a potion of degeneration {unknown}


   Skills:
 - Level 2.6 Fighting
 - Level 3.5 Dodging
 - Level 3.0 Stealth
 + Level 2.3 Spellcasting
 * Level 2.5 Conjurations
 - Level 1.0 Transmutations
 - Level 2.0 Air Magic
 - Level 4.0 Poison Magic


You had 6 spell levels left.
You knew the following spells:

 Your Spells              Type           Power      Damage    Failure   Level
a - Sting                 Tmut/Pois      48%        1d5       5%          1
b - Poisonous Vapours     Pois/Air       28%        N/A       7%          2

Your spell library contained the following spells:

 Spells                   Type           Power      Damage    Failure   Level
 Mephitic Cloud           Conj/Pois/Air  13%        N/A       14%         3
 Olgreb's Toxic Radiance  Pois           18%        N/A       28%         4


Dungeon Overview and Level Annotations

Branches:
Dungeon (3/15)              Sewer (1/1)

Altars:

Shops:
D:1 =

Annotations:
D:3 3 exclusions Sewer Grinder


Innate Abilities, Weirdness & Mutations

You cannot wear most types of armour.
You are amphibious.
You can wear up to eight rings at the same time.
Your skin changes colour to match your surroundings (Stealth+).
Your rubbery body absorbs attacks. (AC +1, EV +1)
You are camouflaged when in or above water. (Stealth+)
You have tentacles for arms and can constrict up to eight enemies at once.


Message History

You can't see any susceptible monsters within range! (Use Z to cast anyway.) Unknown command.
You start waiting.
Grinder is nearby!
Okay, then.
Grinder shouts!
The endoplasm quivers.
Aiming: Sting (safe; 5% risk of failure)
Press: ? - help, Shift-Dir - straight line, f - endoplasm
Aim: an endoplasm (98% to hit)
The sting hits the endoplasm.
The endoplasm partially resists.
The endoplasm is poisoned.
The endoplasm is lightly wounded.
Grinder gestures at you.
You suddenly lose the ability to move!
The endoplasm freezes you.
You are frozen.
A kobold comes into view. It is wielding a +0 short sword.
Grinder says, "DUCK!"
Grinder gestures at you. Pain shoots through your body!
The endoplasm freezes you.
You are frozen.
The endoplasm hits you.
The endoplasm looks more healthy.
The endoplasm hits you. Grinder hits you!
You writhe in agony.
* * * LOW HITPOINT WARNING * * *
You can move again.
Grinder attacks as you move away! Grinder hits you.
* * * LOW HITPOINT WARNING * * *
The endoplasm attacks as you move away! The endoplasm closely misses you.
Grinder zaps a wand.
The puff of flame hits you!
* * * LOW HITPOINT WARNING * * *
Things that are here:
a +0 short sword of distortion; 4 stones You enter the deep water.
Grinder gestures at you.
You suddenly lose the ability to move!
Grinder zaps a wand.
The puff of flame hits you!
You die...

#≈≈≈#≈≈≈≈≈≈#...#≈≈≈≈≈≈#
#~≈≈#≈≈≈≈≈~#...#≈≈≈≈≈≈#
#≈≈≈#≈≈≈≈≈≈#...~≈≈≈≈≈≈#
#≈≈≈#≈≈≈≈≈≈≈...#≈≈≈≈≈≈#
#≈≈ #≈≈≈≈≈≈#...#≈≈≈≈≈≈#
#≈≈≈≈≈≈≈...≈≈≈≈≈≈≈#
#≈≈≈≈≈))...#≈≈≈≈≈≈#
#≈≈≈≈≈≈#...#≈≈≈≈≈≈#
#≈≈≈≈@≈#...≈≈≈≈≈≈≈#
#≈≈≈≈≈§#...#≈≈≈≈≈≈#
#≈≈≈≈≈≈§5..#≈≈≈≈≈≈#
#≈≈≈~≈)#...#.≈≈≈≈≈#
#≈≈≈≈)..)≈...≈≈≈≈≈#
#~~)...#≈≈≈#..~~≈≈#
#......#≈≈≈#......#
#'#######)#######'# #.
#)).# .#


There were no monsters in sight!

Vanquished Creatures
  A kobold brigand (Sewer)
  An orc wizard (D:3)
  3 gnolls (D:2)
  4 adders
  2 ufetubi (Sewer)
  3 worms
  A dart slug (D:1)
  3 orcs (D:3)
  7 ball pythons
  A bat zombie (Sewer)
  6 endoplasms
  5 giant cockroaches
  3 goblins
  4 hobgoblins
  3 jackals (D:1)
  4 quokkas
  3 bats
  3 frilled lizards (D:1)
  A giant cockroach zombie (Sewer)
  22 kobolds
  6 rats
86 creatures vanquished.

Notes
Turn   | Place    | Note
-------+----------+-------------------------------------------
     0 | D:1      | themarg the Octopode Venom Mage began the quest for the
                  | Orb.
     0 | D:1      | Reached XP level 1. HP: 11/11 MP: 3/3
   223 | D:1      | Reached XP level 2. HP: 15/17 MP: 0/5
   235 | D:1      | Learned a level 2 spell: Poisonous Vapours
   321 | D:1      | Reached skill level 1 in Air Magic
   321 | D:1      | Reached skill level 4 in Poison Magic
   693 | D:1      | Reached XP level 3. HP: 21/21 MP: 1/6
   948 | D:1      | Found Uhuoss's Jewellery Emporium.
  1686 | D:2      | Reached skill level 1 in Fighting
  1915 | D:2      | Reached XP level 4. HP: 28/28 MP: 1/7
  2931 | D:3      | Reached XP level 5. HP: 19/34 MP: 2/8
  2933 | D:3      | Reached skill level 1 in Conjurations
  3090 | D:3      | Found a glowing drain.
  3094 | Sewer    | Entered a sewer
  3477 | Sewer    | Noticed a kobold brigand
  3483 | Sewer    | Noticed Grinder
  3847 | Sewer    | Killed a kobold brigand
  3848 | Sewer    | Reached XP level 6. HP: 9/41 MP: 1/9
  4011 | Sewer    | Paralysed by Grinder for 5 turns
  4016 | Sewer    | HP: 2/41 [Grinder/puff of flame (8)]
  4019 | Sewer    | Paralysed by Grinder for 5 turns
  4020 | Sewer    | Killed from afar by Grinder

Illustrated notes

Levels and vault maps discovered:
D:1:      dpeg_arrival_circle_labyrinth_c, layout_loops_ring, serial_shops, shop
D:2:      layout_loops_cross
D:3:      layout_loops_cross, gup_sewer_entry_spiral
Sewer:    kennysheep_sewer_church

Skill      XL: |  1  2  3  4  5 |
---------------+----------------+-----
Stealth        | 3 |  3.0
Air Magic      | 2 |  2.0
Poison Magic   | 4 |  4.0
Fighting       | 1 2 |  2.6
Dodging        | 3 |  3.5
Conjurations   | 2 |  2.5
Spellcasting   | |  2.3
Transmutations | |  1.0

Action                     |  1- 3 |  4- 6 || total
---------------------------+-------+-------++-------
  Melee: Unarmed           |     7 |       ||     7
         Constrict         |    10 |    11 ||    21
         Tentacles         |    11 |     7 ||    18
         Dagger            |    34 |    51 ||    85
         Punch             |       |     1 ||     1
   Cast: Sting             |    23 |    11 ||    34
         Poisonous Vapours |    14 |    59 ||    73
    Use: Scroll            |       |     2 ||     2
   Stab: Sleeping          |       |     4 ||     4
 Armour: Skin              |     2 |     3 ||     5
  Dodge: Dodged            |    29 |    30 ||    59

Table legend: (Time is in decaauts)
 A = Elapsed time spent in this place.
 B = Non-inter-level travel time spent in this place.
 C = Inter-level travel time spent in this place.
 D = Time resting spent in this place.
 E = Time spent auto-exploring this place.
 F = Levels seen in this place.
 G = Mean time per level.
                   A        B        C        D        E       F      G
               +--------+--------+--------+--------+--------+-----+--------+
         Total |   4018 |   3828 |    190 |    811 |   2106 |   4 | 1004.5 |
       Dungeon |   3092 |   2902 |    190 |    257 |   1983 |   3 | 1030.7 |
         Sewer |    925 |    925 |      0 |    554 |    123 |   1 |  925.0 |
               +--------+--------+--------+--------+--------+-----+--------+

Top non-repeatable levels by time:
     D:1: 1572 daAuts
     D:2: 1053 daAuts
   Sewer: 925 daAuts
     D:3: 466 daAuts
